 Dungeon Crawl Stone Soup version 0.28-a0-751-gef3a642a4e (webtiles) character file.

Game seed: 8371289302299099197

32 Richi2 the Skirmisher (level 3, -1/29 HPs)
             Began as a Demonspawn Fighter on Oct 30, 2021.
             Killed by nerve-wracking pain
             ... invoked by an orc priest
              (11 damage)
             ... on level 2 of the Dungeon.
             The game lasted 00:02:04 (1288 turns).

Richi2 the Skirmisher (Demonspawn Fighter)          Turns: 1288, Time: 00:02:05

Health: -1/29      AC:  7    Str: 17    XL:     3   Next: 8%
Magic:  3/3        EV:  9    Int:  9    God:
Gold:   39         SH:  4    Dex: 12    Spells: 2/2 levels left

rFire   . . .      SeeInvis .   a - +0 war axe
rCold   . . .      Faith    .   c - +0 buckler
rNeg    . . .      Spirit   .   b - +0 scale mail
rPois   .          Reflect  .   (no helmet)
rElec   .          Harm     .   (no cloak)
rCorr   .          Rampage  .   (no gloves)
Will    .....                   e - +0 pair of boots
Stlth   ..........              (no amulet)
HPRegen 0.09/turn               (no ring)
MPRegen 0.08/turn               (no ring)

@: mighty
A: ignite blood 1, powered by death 1
a: no special abilities


You were on level 2 of the Dungeon.
You visited 1 branch of the dungeon, and saw 2 of its levels.

You collected 39 gold pieces.

Inventory:

Hand Weapons
 a - a +0 war axe (weapon)
Armour
 b - a +0 scale mail (worn)
 c - a +0 buckler (worn)
 e - a +0 pair of boots (worn)
Scrolls
 f - a scroll of noise {unknown}
 h - a scroll of magic mapping {unknown}
 i - a scroll of immolation {unknown}
 j - a scroll of identify {unknown}
Potions
 g - a potion of lignification {unknown}


   Skills:
 + Level 3.3 Fighting
 + Level 2.2 Axes
 + Level 3.0 Armour
 + Level 0.2 Stealth
 + Level 2.9 Shields
 * Level 0.6 Invocations


You had 2 spell levels left.
You didn't know any spells.
Your spell library contained the following spells:

 Spells                   Type           Power      Damage    Failure   Level
 Sublimation of Blood     Necr           0%         N/A       93%         2
 Wereblood                Tmut           0%         N/A       93%         2
 Summon Hydra             Summ           0%         N/A       100%        7


Dungeon Overview and Level Annotations

Branches:
Dungeon (2/15)

Altars:
Xom


Innate Abilities, Weirdness & Mutations

Your demonic aura sometimes causes spilled blood to erupt in flames.
You regenerate a little health from kills.


Message History

There are monsters nearby!
A kobold and a dart slug come into view.
Found 15 gold pieces.
The orc priest shouts!
You hear an angry hiss.
An orc wizard comes into view.
It is wielding a +0 dagger and wearing a +2 robe of willpower.
The orc wizard points at you and mumbles some strange words.
You are confused.
An orc comes into view. It is wielding a +0 short sword.
The orc shouts!
You hear a shout!
A kobold comes into view. It is wielding a +0 club.
An orc comes into view. It is wielding a +0 dagger.
A frilled lizard comes into view.
You feel very mighty all of a sudden.
The orc priest looks braver for a moment.
The orc priest calls down the wrath of Beogh upon you.
Beogh smites you!
Ouch! That really hurt!
The orc wizard closely misses you.
You miss the orc wizard.
The orc priest begins to cast a cantrip, but forgets the words!
Unknown command.
You're too confused to move!
You feel less confused.
The orc wizard mumbles some strange words.
The orc wizard flickers and vanishes!
Deactivating autopickup; reactivate with Ctrl-A.
The orc hits you but does no damage. You block the kobold's attack.
You slash the orc!
You kill the orc!
You hit the kobold.
A magic dart appears from out of thin air!
The magic dart hits you. The kobold hits you but does no damage.
Unknown command.
The kobold shouts!
You slash the orc priest!
The orc priest is almost dead.
You barely miss the kobold. The kobold misses you.
The orc priest mumbles some strange prayers to Beogh against you.
Pain shoots through your body!
You die...

K.... .. ..... ..$
....# ##....# ...#
#..#.#.#....# ....#
##..##.#.....#
.....##....##......#
.....Kl............#
...ow{oK...........#
.....##@...##......#
o.. #.##..##.#.....#
. #.#..#.#.#....#
#.#....#.##....##
#......##.#....#
#..........#.#...#
#............##...#
...............#..#
..................#


You could see an orc priest, an orc wizard, a dart slug, 2 kobolds and a frilled
lizard.

Vanquished Creatures
  An adder (D:2)
  An orc (D:2)
  2 endoplasms
  A giant cockroach (D:1)
  3 hobgoblins (D:1)
  3 kobolds
  A quokka (D:1)
  2 frilled lizards
  4 goblins
  2 rats (D:1)
20 creatures vanquished.

Notes
Turn   | Place    | Note
-------+----------+-------------------------------------------
     0 | D:1      | Richi2 the Demonspawn Fighter began the quest for the Orb.
     0 | D:1      | Reached XP level 1. HP: 18/18 MP: 1/1
    33 | D:1      | Gained mutation: Your demonic aura sometimes causes spilled
                  | blood to erupt in flames. [demonic ancestry]
    33 | D:1      | Reached XP level 2. HP: 10/24 MP: 2/2
   919 | D:1      | You fall into a shaft and drop 1 floor!
  1010 | D:2      | Found a shimmering altar of Xom.
  1037 | D:2      | Gained mutation: You regenerate a little health from kills.
                  | [demonic ancestry]
  1037 | D:2      | Reached XP level 3. HP: 21/29 MP: 3/3
  1288 | D:2      | Killed from afar by an orc priest

Illustrated notes

Levels and vault maps discovered:
D:1:      psy_arrival_fountain, layout_rooms,
          shapermc_ecumenical_altar_hornbeckon, chequers_decorated_corner,
          minmay_tall_x
D:2:      layout_loops_ring, basic_altar, minmay_misc_feat_secret_circle

Skill      XL: |  1  2 |
---------------+-------+-----
Axes           | 2 |  2.2
Armour         | 3 |  3.0
Fighting       | |  3.3
Stealth        | |  0.2
Shields        | |  2.9
Invocations    | |  0.6

Action                   || total
-------------------------++-------
Melee: War axe           ||    60
  Use: Potion            ||     1
Armor: Scale mail        ||    21
Dodge: Dodged            ||    40
Block: Buckler           ||    11

Table legend: (Time is in decaauts)
 A = Elapsed time spent in this place.
 B = Non-inter-level travel time spent in this place.
 C = Inter-level travel time spent in this place.
 D = Time resting spent in this place.
 E = Time spent auto-exploring this place.
 F = Levels seen in this place.
 G = Mean time per level.
                   A        B        C        D        E       F      G
               +--------+--------+--------+--------+--------+-----+--------+
         Total |   1313 |   1313 |      0 |    425 |    694 |   2 |  656.5 |
       Dungeon |   1313 |   1313 |      0 |    425 |    694 |   2 |  656.5 |
               +--------+--------+--------+--------+--------+-----+--------+

Top non-repeatable levels by time:
     D:1: 939 daAuts
     D:2: 373 daAuts
